 Dungeon Crawl Stone Soup version 0.24.1-14-gf8d2b509d9 (console) character file.

Game seed: 13619363954526053114, levelgen mode: deterministic

95 Kagalorn the Caller (level 4, -2/30 HPs)
             Began as a Demonspawn Summoner on Aug 3, 2020.
             Slain by a hippogriff (3 damage)
             ... on level 3 of the Dungeon.
             The game lasted 00:08:14 (3208 turns).

Kagalorn the Caller (Demonspawn Summoner)           Turns: 3208, Time: 00:08:14

Health: -2/30      AC:  2    Str:  9    XL:     4   Next: 39%
Magic:  3/7        EV: 12    Int: 16    God:
Gold:   149        SH:  4    Dex: 14    Spells: 7/8 levels left

rFire    . . .     SeeInvis .   a - +0 short sword
rCold    . . .     Gourm    .   g - +0 buckler
rNeg     . . .     Faith    .   f - +0 robe
rPois    .         Spirit   .   (no helmet)
rElec    .         Reflect  .   (no cloak)
rCorr    .         Harm     .   (no gloves)
MR       .....                  (no boots)
Stlth    ++........             (no amulet)
HPRegen  0.10/turn              (no ring)
MPRegen  0.10/turn              (no ring)

@: no status effects
A: hooves 1, powered by pain 1
a: no special abilities


You were on level 3 of the Dungeon.
You were not hungry.

You visited 1 branch of the dungeon, and saw 3 of its levels.

You collected 149 gold pieces.

Inventory:

Hand Weapons
 a - a +0 short sword (weapon)
Missiles
 d - 107 stones
 o - 2 poisoned darts (quivered)
 s - 29 sling bullets
Armour
 f - a +0 robe (worn)
 g - a +0 buckler (worn)
Scrolls
 e - a scroll of teleportation {unknown}
 h - a scroll of enchant weapon {unknown}
 i - a scroll of magic mapping
 k - a scroll of random uselessness {unknown}
 l - a scroll of immolation {unknown}
 m - 2 scrolls of enchant armour {unknown}
 n - a scroll of amnesia {unknown}
 q - 2 scrolls of fog
 t - 2 scrolls of remove curse {unknown}
Potions
 j - 2 potions of agility
 p - a potion of brilliance
Comestibles
 b - a chunk of flesh
 c - 4 rations


   Skills:
 + Level 2.4 Dodging
 - Level 2.0 Stealth
 + Level 1.2 Shields
 + Level 2.6 Spellcasting
 * Level 4.8 Summonings


You had 7 spell levels left.
You knew the following spells:

 Your Spells              Type           Power        Failure   Level  Hunger
a - Summon Small Mammal   Summ           ###.         3%          1    #......

Your spell library contained the following spells:

 Spells                   Type           Power        Failure   Level  Hunger
 Call Imp                 Summ           ###.....     5%          2    ##.....
 Call Canine Familiar     Summ           ###.....     11%         3    ###....
 Corona                   Hex            #......      28%         1    #......
 Summon Guardian Golem    Hex/Summ       #.......     30%         3    ###....
 Ensorcelled Hibernation  Hex/Ice        #.....       38%         2    ##.....
 Confuse                  Hex            #.......     63%         3    ###....
 Dazzling Spray           Conj/Hex       #.....       63%         3    ###....
 Tukima's Dance           Hex            #.......     63%         3    ###....
 Summon Ice Beast         Ice/Summ       #.......     69%         4    #####..
 Summon Lightning Spire   Summ/Air       #.......     69%         4    #####..


Dungeon Overview and Level Annotations

Branches:
Dungeon (3/15)

Altars:
Elyvilon


Innate Abilities, Weirdness & Mutations

You have large cloven feet.
You sometimes gain a little power by taking damage.


Message History

The gnoll moves out of view.
There is a stone staircase leading down here.
There is an open door here.
You block the hippogriff's attack. The hippogriff pecks you.
The hippogriff claws you! You block the gnoll's attack.
The gnoll closely misses you.
As you read the scroll labeled VUR PU MIOBO, it crumbles to dust.
You feel aware of your surroundings.
You sensed 1 altar.
It was a scroll of magic mapping.
The hippogriff closely misses you. The hippogriff pecks you!
* * * LOW HITPOINT WARNING * * *
You block the hippogriff's attack. The gnoll hits you with a +0 spear.
* * * LOW HITPOINT WARNING * * *
You hit the gnoll. You kick the gnoll.
The gnoll is severely wounded.
The hippogriff completely misses you.
The hippogriff pecks you but does no damage.
The hippogriff claws you.
You die...

**,,* #####'##
#.#### *,,**
#.# #....# ,,**
#.# ######.#
,,**** #.#
#...##.# ,,,,,*
#.#####...##.#
,,,,,*
#.##......'..#
,,,,,*
#.##......####
*,,,,*
###K##........#
*,,,,*
#@gg##...####.#
*,,,,*
#H#.##.#.#<.#.#
******
#...##.#....#,#
*
###.##.######,*
* ###### *** *
** * **** *, *
**,,**** *, *
*,,,,,,* *,


You could see a hippogriff, a gnoll, a hobgoblin and a kobold.

Vanquished Creatures
  A crimson imp (D:3)
  2 adders
  A dart slug (D:2)
  3 leopard geckos
  2 bats
  4 giant cockroaches
  3 goblins
  3 hobgoblins
  A jackal (D:1)
  2 kobolds
  3 rats
25 creatures vanquished.

Vanquished Creatures (collateral kills)
  An adder (D:2)
  A worm (D:3)
  A dart slug (D:1)
  A leopard gecko (D:1)
  An orc (D:3)
  2 giant cockroaches
  3 goblins
  4 hobgoblins
  A jackal (D:1)
  A quokka (D:2)
  A frilled lizard (D:2)
  2 kobolds (D:1)
19 creatures vanquished.

Grand Total: 44 creatures vanquished

Notes
Turn   | Place    | Note
-------+----------+-------------------------------------------
     0 | D:1      | Kagalorn the Demonspawn Summoner began the quest for the
                  | Orb.
     0 | D:1      | Reached XP level 1. HP: 13/13 MP: 3/3
   427 | D:1      | Gained mutation: You have large cloven feet. [demonic
                  | ancestry]
   427 | D:1      | Reached XP level 2. HP: 10/19 MP: 5/5
  1627 | D:2      | Found a faded altar of an unknown god.
  1695 | D:2      | Found a white marble altar of Elyvilon.
  1844 | D:2      | Reached XP level 3. HP: 18/24 MP: 1/6
  2478 | D:3      | Reached skill level 1 in Shields
  2478 | D:3      | Gained mutation: You sometimes gain a little power by
                  | taking damage. [demonic ancestry]
  2478 | D:3      | Reached XP level 4. HP: 8/30 MP: 5/7
  3091 | D:3      | Noticed a hippogriff
  3207 | D:3      | HP: 1/30 [gnoll/+0 spear (6)]
  3208 | D:3      | Slain by a hippogriff

Levels and vault maps discovered:
D:1:      scummos_arrival_simple_crosswalls, layout_basic
D:2:      layout_loops_ring, lemuel_crystal_altar, first_ration,
          chequers_ecumenical_altar_simple, minmay_3d_cube
D:3:      layout_basic, nicolae_tso_carved_into_rock, minmay_misc_feat_iff,
          minmay_misc_feat_doors, corexii_leaking_fountain

Skill      XL: |  1  2  3 |
---------------+----------+-----
Stealth        | 2 |  2.0
Dodging        | 2 |  2.4
Shields        | 1 |  1.2
Spellcasting   | |  2.6
Summonings     | |  4.8

Action                   |  1- 3 |  4- 6 || total
-------------------------+-------+-------++-------
Melee: Whip              |    20 |       ||    20
       Unarmed           |     9 |       ||     9
       Short sword       |    93 |    26 ||   119
       Kick              |    14 |     5 ||    19
Throw: Stone             |       |     2 ||     2
       Dart              |       |     1 ||     1
 Cast: Summon Small Mamm |    45 |    31 ||    76
  Use: Scroll            |       |     4 ||     4
       Potion            |       |     1 ||     1
 Stab: Sleeping          |     2 |     1 ||     3
  Eat: Chunk             |     5 |     3 ||     8
Armor: Robe              |    22 |    20 ||    42
Dodge: Dodged            |    50 |    25 ||    75
Block: Buckler           |    17 |     4 ||    21
